 Dungeon Crawl Stone Soup version 0.30-a0-857-gcaf70739d4 (webtiles) character file.

Game seed: 10170122104573004006

115 oldriver the Trooper (level 5, -14/34 HPs)
             Began as a Gargoyle Chaos Knight on Mar 6, 2023.
             Was a Plaything of Xom.
             Killed by an exploding gnoll (15 damage)
             ... ignited by their inner flame
             ... on level 3 of the Dungeon.
             The game lasted 00:02:25 (1229 turns).

oldriver the Trooper (Gargoyle Chaos Knight)        Turns: 1229, Time: 00:02:26

Health: -14/34     AC: 10    Str: 18    XL:     5   Next: 0%
Magic:  5/5        EV: 11    Int: 12    God:    Xom [...*..]
Gold:   1159       SH:  0    Dex:  9    Spells: 4/4 levels left

rFire   . . .      SeeInvis .    a - +0 hand axe (chaos)
rCold   . . .      Faith    +    (no shield)
rNeg    + . .      Spirit   .    b - +2 leather armour
rPois   ∞          Reflect  .    (no helmet)
rElec   +          Rampage  .    (no cloak)
rCorr   .          Clarity  +    h - +0 pair of gloves
Will    .....                    (no boots)
Stlth   +                        e - amulet of faith
HPRegen 0.25/turn                (no ring)
MPRegen 0.09/turn                (no ring)

@: no status effects
A: sickness immunity, AC +4, negative energy resistance 1, electricity
resistance, torment resistance 1, petrification resistance, clarity
a: Renounce Religion


You were on level 3 of the Dungeon.
You worshipped Xom.
You were a favourite toy of Xom.
You visited 1 branch of the dungeon, and saw 3 of its levels.

You collected 1159 gold pieces.

Inventory:

Hand Weapons
 a - a +0 hand axe of chaos (weapon)
Armour
 b - a +2 leather armour (worn)
 h - a +0 pair of gloves (worn)
Jewellery
 e - an amulet of faith (around neck)
 t - an amulet of regeneration
Scrolls
 i - a scroll of silence {unknown}
 j - a scroll of poison {unknown}
 l - a scroll of fear {unknown}
 n - 4 scrolls of fog {unknown}
 q - a scroll of amnesia {unknown}
 r - a scroll of magic mapping {unknown}
Potions
 d - a potion of heal wounds {unknown}
 m - 2 potions of curing
 o - 2 potions of degeneration {unknown}
 p - a potion of flight {unknown}
 s - a potion of resistance {unknown}
 u - a potion of brilliance {unknown}
Miscellaneous
 c - a piece from Xom's chessboard (15/15) (quivered)


   Skills:
 + Level 4.3 Fighting
 * Level 4.3 Axes
 - Level 2.1 Armour
 - Level 0.7 Dodging


You had 4 spell levels left.
You didn't know any spells.
Your spell library was empty.

Dungeon Overview and Level Annotations

Branches:
Dungeon (3/15)

Altars:
Xom

Shops:
D:1 [[[=(


Innate Abilities, Weirdness & Mutations

You are immune to sickness and miasma.
Your stone body is resilient. (AC +4)
You are immune to poison.
You resist negative energy. (rN+)
You are resistant to electric shocks. (rElec)
You are resistant to unholy torment.
You are immune to petrification.
You possess an exceptional clarity of mind.


Message History

You have reached level 5!
You hit the gnoll.
The gnoll seems to grow stronger.
Xom is highly amused!
The gnoll is severely wounded.
You hit the gnoll.
The gnoll is poisoned.
The bat hits you but does no damage. The gnoll closely misses you. x2
A rat comes into view.
You barely miss the gnoll.
The gnoll is severely wounded.
You barely miss the gnoll. The bat closely misses you.
The gnoll barely misses you. The gnoll hits you with a +0 flail.
You barely miss the gnoll.
The gnoll is severely wounded.
You closely miss the gnoll. The bat barely misses you.
The bat hits you but does no damage. The gnoll hits you with a +0 flail.
The gnoll hits you but does no damage. The bat hits you but does no damage.
You are too injured to fight recklessly!
You are too injured to fight recklessly!
You are too injured to fight recklessly!
You are too injured to fight recklessly!
You are too injured to fight recklessly!
You are too injured to fight recklessly!
As you read the scroll labelled FEVIOV JOWKAIRPH, it crumbles to dust.
The creatures around you are filled with an inner flame!
It was a scroll of immolation.
Xom thinks this is hilarious!
Flame seeps out of the gnoll.
The bat hits you but does no damage. The gnoll barely misses you.
The gnoll is engulfed in blazing flames.
The gnoll explodes!
The fiery explosion engulfs you!
The fiery explosion engulfs the gnoll!!!
The fiery explosion engulfs the bat!!
The bat explodes!
The fiery explosion engulfs you!
* * * LOW HITPOINT WARNING * * *
The gnoll explodes!
The fiery explosion engulfs you!
You die...
Xom howls with laughter!

#. #. ##..
#.... #
...## .#
...## .#
#..#§# #@§§#
#..§§○§#
.>....###§.#
.##... .r.#
#.. #.# #..
.# #. # #.


You could see a rat (inner flame).

Vanquished Creatures
  Jessica (D:2)
  6 gnolls
  An adder (D:2)
  A worm (D:2)
  A dart slug (D:2)
  4 bats
  2 endoplasms (D:1)
  2 giant cockroaches (D:1)
  A goblin (D:1)
  3 hobgoblins
  3 ball pythons
  4 frilled lizards
  2 kobolds
  4 rats
35 creatures vanquished.

Vanquished Creatures (collateral kills)
  An adder (D:2)
1 creature vanquished.

Grand Total: 36 creatures vanquished

Notes
Turn   | Place    | Note
-------+----------+-------------------------------------------
     0 | D:1      | oldriver the Gargoyle Chaos Knight began the quest for the
                  | Orb.
     0 | D:1      | Reached XP level 1. HP: 14/14 MP: 1/1
    18 | D:1      | Found Enitiz's Weapon Shop.
    76 | D:1      | Found a faded altar of an unknown god.
   170 | D:1      | XOM: silly message
   348 | D:1      | Found Suuzau's Antique Armour Shop.
   370 | D:1      | Found Fiemuvut's Antique Armour Emporium.
   378 | D:1      | Found Okea's Jewellery Shop.
   382 | D:1      | Reached XP level 2. HP: 19/19 MP: 2/2
   382 | D:1      | XOM: divination: magic mapping
   392 | D:1      | XOM: divination: magic mapping
   473 | D:1      | Found Seisad's Armour Emporium.
   581 | D:1      | XOM: god gift: scroll labelled BIUHIL BOELI {god gift}
   765 | D:2      | XOM: potion effect (brilliance)
   776 | D:1      | Reached XP level 3. HP: 18/24 MP: 3/3
   781 | D:1      | XOM: butterfly on damage
   819 | D:1      | XOM: give mutation
   819 | D:1      | Gained mutation: You possess an exceptional clarity of
                  | mind. [Xom's grace]
   878 | D:2      | Noticed Jessica
   884 | D:2      | XOM: summons friendly crimson imp
   886 | D:2      | Killed Jessica
   887 | D:2      | Reached XP level 4. HP: 28/29 MP: 4/4
   936 | D:2      | Found a shimmering altar of Xom.
   979 | D:2      | XOM: god gift: 48 gold pieces
  1072 | D:2      | XOM: silly message
  1197 | D:2      | Identified a scroll of acquirement
  1197 | D:2      | Acquired 994 gold pieces
  1220 | D:3      | XOM: 1-stop teleportation journey
  1226 | D:3      | Reached XP level 5. HP: 30/34 MP: 5/5
  1229 | D:3      | HP: 1/34 [spore (10)]
  1229 | D:3      | Killed by an exploding gnoll... ignited by their inner
                  | flame

Illustrated notes

Levels and vault maps discovered:
D:1:      roderic_octagonal_star, layout_loops_ring,
          nicolae_ecumenical_snake_handling, serial_shops, nicolae_shop_crystal,
          nicolae_shop_behind_doors, shop, shop, shop
D:2:      layout_rooms, basic_altar, feat_on_display, uniq_jessica
D:3:      layout_rooms, slow_altar_1, minmay_quantized

Skill      XL: |  1  2  3 |
---------------+----------+-----
Axes           | 3 4 |  4.3
Fighting       | 4 |  4.3
Armour         | |  2.1
Dodging        | |  0.7

Action                     |  1- 3 |  4- 6 || total
---------------------------+-------+-------++-------
  Melee: Hand axe          |    66 |    24 ||    90
         Punch             |     1 |       ||     1
    Use: Scroll            |       |     4 ||     4
   Stab: Sleeping          |       |     1 ||     1
 Armour: Leather armour    |    36 |    16 ||    52
  Dodge: Dodged            |    43 |    17 ||    60

Table legend: (Time is in decaauts)
 A = Elapsed time spent in this place.
 B = Non-inter-level travel time spent in this place.
 C = Inter-level travel time spent in this place.
 D = Time resting spent in this place.
 E = Time spent auto-exploring this place.
 F = Levels seen in this place.
 G = Mean time per level.
                   A        B        C        D        E       F      G
               +--------+--------+--------+--------+--------+-----+--------+
         Total |   1241 |   1209 |     32 |     54 |    904 |   3 |  413.7 |
       Dungeon |   1241 |   1209 |     32 |     54 |    904 |   3 |  413.7 |
               +--------+--------+--------+--------+--------+-----+--------+

Top non-repeatable levels by time:
     D:1: 859 daAuts
     D:2: 360 daAuts
     D:3: 21 daAuts
